 Dungeon Crawl Stone Soup version 0.31.0-12-g77e489cdc1 (webtiles) character file.

Game seed: 7334928843729159479

42 Bobsterar the Changeling (level 3, -1/23 HPs)
             Began as an Octopode Shapeshifter on Mar 7, 2024.
             Succumbed to an adder's poison
             ... on level 2 of the Dungeon.
             The game lasted 00:01:25 (527 turns).

Bobsterar the Changeling (Octopode Shapeshifter)     Turns: 527, Time: 00:01:26

Health: -1/23      AC:  1    Str: 15    XL:     3   Next: 54%
Magic:  4/4        EV: 13    Int: 12    God:
Gold:   105        SH:  0    Dex: 11    Spells: 3/3 levels left

rFire   . .          .
                       - Unarmed
rCold   . . .        (no shield)
rNeg    . . .        (helmet currently unavailable)
rPois   .            (no amulet)
rElec   .            h - ring of see invisible
rCorr   .            (no ring)
SInv    +            (no ring)
Will    .....        (no ring)
Stlth   ++           (no ring)
HPRegen 0.23/turn    (no ring)
MPRegen 0.09/turn    (no ring)
                     (no ring)

%: no passive effects
@: lethally poisoned (-1 -> -9), beast-form
A: beast (slay +2), almost no armour, amphibious, 8 rings, camouflage 1,
gelatinous body 1, (nimble swimmer 1), tentacles
a: Begin Untransformation


You were on level 2 of the Dungeon.
You were a hulking beast.
You visited 1 branch of the dungeon, and saw 2 of its levels.

You collected 105 gold pieces.

Inventory:

Jewellery
 h - a ring of see invisible (left tentacle)
Talismans
 b - a beast talisman (active)
 c - a flux talisman
Scrolls
 d - a scroll of butterflies {unknown}
 e - a scroll of identify {unknown}
 f - a scroll of acquirement {unknown}
 g - a scroll of immolation {unknown}
Potions
 a - a potion of lignification


   Skills:
 + Level 1.5 Fighting
 + Level 2.3 Dodging
 + Level 3.2 Unarmed Combat
 + Level 0.8 Spellcasting
 * Level 3.5 Shapeshifting


You had 3 spell levels left.
You didn't know any spells.
Your spell library contained the following spells:

 Spells                   Type           Power      Damage    Failure   Level
 Jinxbite                 Hex            0%         N/A       43%         2
 Yara's Violent Unravell  Hex/Alch       0%         3d3       100%        5
 Enfeeble                 Hex            0%         N/A       100%        7


Dungeon Overview and Level Annotations

Branches:
Dungeon (2/15)

Altars:


Innate Abilities, Weirdness & Mutations

You are a hulking beast.
Your limbs bulge with bestial killing power. (Slay +2)
You cannot wear most types of armour.
You are amphibious.
You can wear up to eight rings at the same time.
Your skin changes colour to match your surroundings (Stealth+).
Your rubbery body absorbs attacks. (AC +1, EV +1)
((You are camouflaged when in or above water. (Stealth+)))
You have tentacles for arms and can constrict up to eight enemies at once.


Message History

You tentacle-slap the adder. Your grab misses the adder.
The adder is heavily wounded.
You feel sick.
An adder comes into view.
The adder misses you.
The adder hisses angrily.
You bludgeon the adder!
You kill the adder!
You feel sick.
You feel sick. The rat bites you.
You tentacle-slap the rat.
You kill the rat!
You feel sick.
You feel sick. The kobold barely misses you. The adder bites you.
You are more poisoned.
The adder poisons you!
You see here a rat corpse.
You closely miss the adder. You grab the adder. You constrict the adder.
You feel sick. The kobold hits you but does no damage. The adder bites you.
You are too injured to fight recklessly!
You are too injured to fight recklessly!
You are too injured to fight recklessly!
You release your grip on the adder.
You feel sick. The adder closely misses you.
You feel sick. The adder attacks as it pursues you!
The adder barely misses you. The kobold hits you but does no damage.
You closely miss the kobold. Your grab misses the kobold.
You feel sick. The adder bites you but does no damage.
You bludgeon the kobold!
You kill the kobold!
You feel sick. The adder closely misses you.
You tentacle-slap the adder. Your grab misses the adder.
The adder is heavily wounded.
You feel sick. The adder closely misses you. The adder bites you.
* * * LOW HITPOINT WARNING * * *
You are more poisoned.
The adder poisons you!
You miss the adder. Your grab misses the adder. Your squeeze misses the adder.
The adder is heavily wounded.
You die...

.... ...### .....
#####..##
#.......####
#.####$....#
#..?.<#...##
#....##.#†S####.###
#....+.(#h)†.......
#....####.#...##.##
[..... #.#.#.#
....... #.#.#.#
..##### ..... . ..
####. .. #.# .. ..
### .. ...


You could see an adder.

Vanquished Creatures
  An adder (D:2)
  2 bats (D:1)
  An endoplasm (D:1)
  2 hobgoblins (D:1)
  10 jackals (D:1)
  4 kobolds
  2 ball pythons
  A frilled lizard (D:1)
  6 rats
29 creatures vanquished.

Notes
Turn   | Place    | Note
-------+----------+-------------------------------------------
     0 | D:1      | Bobsterar the Octopode Shapeshifter began the quest for the
                  | Orb.
     0 | D:1      | Reached XP level 1. HP: 13/13 MP: 1/1
   142 | D:1      | Reached XP level 2. HP: 18/18 MP: 2/2
   353 | D:1      | Reached XP level 3. HP: 18/23 MP: 3/3
   526 | D:2      | HP: 1/23 [adder (4)]
   527 | D:2      | Succumbed to an adder's poison

Illustrated notes

Levels and vault maps discovered:
D:1:      minmay_arrival_up_and_down, layout_basic
D:2:      layout_basic, serial_aquarium, aquarium_bridge_long_separate
          [aquarium_subvault_balcony, aquarium_subvault_bridge,
          aquarium_subvault_bridge, aquarium_subvault_bridge,
          aquarium_subvault_window, aquarium_subvault_bridge],
          aquarium_window_corridor_3, aquarium_window_fake,
          aquarium_window_fake, aquarium_window_1, aquarium_view_2c,
          aquarium_view_2a, ebering_ecumenical_altar_petrified,
          minmay_goblin_kobold_house

Action                     || total
---------------------------++-------
  Melee: Unarmed           ||    50
         Tentacles         ||    11
         Constrict         ||    15
         Punch             ||     1
   Stab: Sleeping          ||     1
 Armour: Skin              ||    31
  Dodge: Dodged            ||    43
   Form: Beast             ||     1
